 Dungeon Crawl Stone Soup version 0.27-a0-406-g23f261fbd2 (webtiles) character file.

Game seed: 11434688946871328863

10614 DavidChitty2 the Thaumaturge (level 11, -18/83 HPs)
             Began as a Gnoll Hedge Wizard on Feb 21, 2021.
             Was an Initiate of Gozag.
             Demolished by a boulder beetle (23 damage)
             ... on level 2 of the Lair of Beasts on Feb 22, 2021.
             The game lasted 00:53:02 (22851 turns).

DavidChitty2 the Thaumaturge (Gnoll Hedge Wizard)  Turns: 22851, Time: 00:53:02

Health: -18/83     AC: 10    Str: 10    XL:     11   Next: 64%
Magic:  2/24       EV: 16    Int: 22    God:    Gozag
Gold:   326        SH: 10    Dex: 14    Spells: 12/29 levels left

rFire    + + .     SeeInvis .   a - staff of poison
rCold    + + .     Faith    .   z - +0 buckler
rNeg     . . .     Spirit   .   y - +3 leather armour of Peleho Xepp {Dex+2}
rPois    +         Reflect  +   C - +2 hat
rElec    +         Harm     .   E - scarf {rC+ rF+}
rCorr    +         Rampage  .   (no gloves)
Will     .....                  T - +0 pair of boots
Stlth    +++.......             e - amulet of reflection
HPRegen  0.23/turn              O - +6 ring of intelligence
MPRegen  0.19/turn              J - ring of wizardry

@: mighty, resistant, hasted, very quick
A: distributed training, fangs 1, strong nose
a: Renounce Religion, Potion Petition, Call Merchant, Bribe Branch


You were on level 2 of the Lair of Beasts.
You worshipped Gozag.
Gozag was aware of your devotion.
You visited 3 branches of the dungeon, and saw 15 of its levels.
You also visited: Bailey.

You collected 3188 gold pieces.
You spent 2152 gold pieces at shops.
You paid 710 gold pieces to Gozag.

Inventory:

Hand Weapons
 b - the +4 dagger "Morg" {pain, Will+ Int+5}
   (You acquired it on level 1 of the Lair of Beasts)

   In the hands of one skilled in necromantic magic, it inflicts extra damage on
   living creatures.
   It affects your intelligence (+5).
   It affects your willpower, your defense against some magical effects.
 B - a +1 scimitar of flaming
   (You took it off Erica on level 8 of the Dungeon)
 R - a +1 hunting sling
   (You found it on level 2 of the Dungeon)
Missiles
 n - 484 stones
 p - 39 sling bullets
 s - 57 poisoned darts (quivered)
 L - 2 throwing nets {!f}
Armour
 o - a +2 robe of cold resistance
   (You took it off Jessica on level 2 of the Dungeon)
 y - the +3 leather armour of Peleho Xepp (worn) {Dex+2}
   (You took it off a gnoll on level 6 of the Dungeon)

   It affects your dexterity (+2).
 z - a +0 buckler (worn)
   (You took it off a gnoll on level 6 of the Dungeon)
 C - a +2 hat (worn)
   (You found it on level 5 of the Dungeon)
 E - a scarf of resistance (worn)
   (You found it on level 7 of the Dungeon)
 G - a +1 robe of willpower
   (You took it off Erica on level 8 of the Dungeon)
 T - a +0 pair of boots (worn)
   (You found it on level 1 of the Lair of Beasts)
Magical Staves
 a - a staff of poison (weapon)
   (You found it on level 10 of the Dungeon)
Jewellery
 e - an amulet of reflection (around neck)
   (You bought it in a shop on level 6 of the Dungeon)
 I - a ring of magical power
   (You bought it in a shop on level 6 of the Dungeon)
 J - a ring of wizardry (right hand)
   (You bought it in a shop on level 6 of the Dungeon)
 O - a +6 ring of intelligence (left hand)
   (You bought it in a shop on level 6 of the Dungeon)
Wands
 d - a wand of iceblast (21)
   (You found it on level 6 of the Dungeon)
 l - a wand of mindburst (11)
   (You found it on level 10 of the Dungeon)
 t - a wand of flame (28)
   (You found it on level 6 of the Dungeon)
 v - a wand of digging (7)
   (You found it on level 7 of the Dungeon)
 x - a wand of acid (12)
   (You found it on level 7 of the Dungeon)
 A - a wand of polymorph (11)
   (You found it on level 5 of the Dungeon)
 H - a wand of charming (2)
   (You took it off Erica on level 8 of the Dungeon)
Scrolls
 c - 3 scrolls of enchant weapon
 f - 3 scrolls of blinking
 g - 6 scrolls of teleportation {@r4}
 k - 6 scrolls of identify {@r1}
 q - 2 scrolls of immolation {!r}
 r - 5 scrolls of enchant armour
 u - 2 scrolls of fear
Potions
 h - 2 potions of resistance
 i - a potion of magic
 j - 4 potions of invisibility
 m - a potion of cancellation
 w - 2 potions of brilliance
 D - a potion of ambrosia
 K - 2 potions of lignification {!q}
 M - a potion of might
 N - 2 potions of haste {@q3}
 P - a potion of attraction {!q}
 S - a potion of flight
Miscellaneous
 Q - a phantom mirror
   (You found it on level 1 of the Lair of Beasts)


   Skills:
 + Level 6.5 Fighting
 + Level 6.5 Short Blades
 + Level 6.5 Long Blades
 + Level 6.5 Axes
 + Level 6.5 Maces & Flails
 + Level 6.5 Polearms
 + Level 6.5 Staves
 + Level 6.5 Slings
 + Level 6.5 Bows
 + Level 6.5 Crossbows
 + Level 6.5 Throwing
 + Level 6.5 Armour
 + Level 8.0 Dodging
 + Level 7.8 Stealth
 + Level 6.5 Shields
 + Level 6.5 Unarmed Combat
 + Level 9.7 Spellcasting
 + Level 5.8 Conjurations
 + Level 5.3 Hexes
 + Level 5.8 Summonings
 + Level 5.3 Necromancy
 + Level 5.8 Translocations
 + Level 5.3 Transmutations
 + Level 5.3 Fire Magic
 + Level 5.3 Ice Magic
 + Level 5.3 Air Magic
 + Level 5.3 Earth Magic
 + Level 5.3 Poison Magic
 + Level 7.1 Invocations
 + Level 6.5 Evocations


You had 12 spell levels left.
You knew the following spells:

 Your Spells              Type           Power        Failure   Level
a - Magic Dart            Conj           100%         1%          1
b - Blink                 Tloc           N/A          1%          2
c - Call Imp              Summ           36%          1%          2
d - Summon Ice Beast      Ice/Summ       35%          3%          4
f - Mephitic Cloud        Conj/Pois/Air  51%          1%          3
x - Fireball              Conj/Fire      17%          9%          5

Your spell library contained the following spells:

 Spells                   Type           Power        Failure   Level
 Animate Skeleton         Necr           68%          1%          1
 Apportation              Tloc           72%          1%          1
 Corona                   Hex            37%          1%          1
 Foxfire                  Conj/Fire      100%         1%          1
 Freeze                   Ice            100%         1%          1
 Summon Small Mammal      Summ           100%         1%          1
 Ensorcelled Hibernation  Hex/Ice        68%          1%          2
 Poisonous Vapours        Pois/Air       100%         1%          2
 Slow                     Hex            34%          1%          2
 Confusing Touch          Hex            34%          1%          3
 Conjure Flame            Conj/Fire      35%          1%          3
 Dazzling Flash           Conj/Hex       70%          1%          3
 Frozen Ramparts          Ice            68%          1%          3
 Inner Flame              Hex/Fire       34%          1%          3
 Ozocubu's Armour         Ice            34%          1%          3
 Tukima's Dance           Hex            34%          1%          3
 Hailstorm                Conj/Ice       35%          3%          4
 Sticky Flame             Conj/Fire      35%          3%          4
 Freezing Cloud           Conj/Ice/Air   17%          43%         6


Dungeon Overview and Level Annotations

Branches:
Dungeon (12/15)            Temple (1/1) D:6            Lair (2/6) D:9
  Snake (0/4) Lair:2          Orc (0/2) D:9          Bailey (visited)
  Swamp: Lair:2-4    Shoals: Lair:2-4

Altars:
Ashenzari
Cheibriados
Dithmenos
Elyvilon
Fedhas
Gozag
Hepliaklqana
Kikubaaqudgha
Makhleb
Nemelex Xobeh
Okawaru
Qazlal
Ru
Sif Muna
Trog
Uskayaw
Vehumet
Wu Jian
Xom
Yredelemnul
Zin
The Shining One

Shops:
D:6 =:   D:7 *[

Annotations:
D:11 exclusion: obsidian statue, Maurice
Lair:1 3 runed translucent doors, PeterLawrence's ghost, journeyman MiFi


Innate Abilities, Weirdness & Mutations

Your experience applies equally to all skills.
You have very sharp teeth.
Your uncanny sense of smell can sniff out nearby items.


Message History

The boulder beetle seems less confused.
Your ice beast hits the boulder beetle but does no damage.
The boulder beetle curls into a ball and begins rolling!
Aim: a boulder beetle (heavily wounded, poisoned, ally target, 0% to evade)
The magic dart hits the boulder beetle but does no damage.
Your ice beast hits the boulder beetle but does no damage.
Aim: a boulder beetle (noxious fumes, heavily wounded, poisoned, ally target, 0% to evade)
The magic dart hits the boulder beetle.
The boulder beetle is engulfed in noxious fumes.
The boulder beetle hits you!!
* * * LOW HITPOINT WARNING * * *
The boulder beetle stops rolling and uncurls.
Your ice beast hits the boulder beetle but does no damage.
You feel better. The boulder beetle closely misses you.
Your ice beast hits the boulder beetle but does no damage.
The boulder beetle curls into a ball and begins rolling!
Your ice beast hits the boulder beetle but does no damage.
The boulder beetle hits you!!
* * * LOW HITPOINT WARNING * * *
The boulder beetle stops rolling and uncurls.
You don't have enough magic to cast this spell.
Blink to where?
As you read the scroll of blinking, it crumbles to dust. [a] - 330 gold - curing and magic [b] - 600 gold - resistance, might and haste [c] - 600 gold - lignification, might, resistance and invisibility Purchase which effect?
You no longer have enough gold to petition Gozag for potion effects.
You no longer have enough gold to fund merchants seeking to open stores in the dungeon.
You feel protected.
You feel very mighty all of a sudden.
You feel yourself speed up.
The boulder beetle curls into a ball and begins rolling!
What are your orders? t - Bark!
Orders for allies: a - Attack new target. r - Retreat! s - Stop attacking. g - Guard the area. f - Follow me.
Anything else - Cancel.
Gang up on whom?
Aim: a boulder beetle (severely wounded, ally target) Attack!
Aim: a boulder beetle (severely wounded, chance to affect: 43%)
You feel a surge of power!
The ball explodes into a vile cloud!
The stinking cloud engulfs the boulder beetle but does no damage.
The boulder beetle is engulfed in noxious fumes.
The boulder beetle is engulfed in noxious fumes.
Your ice beast disappears in a puff of smoke!
The boulder beetle hits you!!
You die...
Your body crumbles into a pile of gold.

............#......♣
...............###..#
##........#.## ...
##P........###
#..........# ##..........#
#..<........#####
.......................
.........#...@.....#P## ##
#(....##.####B..####
∆$$#.$#.###.# #..○..#
∆$#.$..P##..##.#P°.#
∆∆∆$$.......##...P°.######
∆ ∆#$$#.#...###...°.......
∆∆∆#$##..#P.......°.......
###.##...................
#....#.........#....##...


You could see a boulder beetle.

Vanquished Creatures
  Erolcha (D:9)
  Erica (D:8)
  A cane toad (Lair:2)
  3 komodo dragons
  4 blink frogs (Lair:2)
  A warg (D:9)
  4 water moccasins
  5 orc warriors
  3 centaurs
  A phantom (D:5)
  3 kobold brigands (D:8)
  3 bullfrogs
  A scorpion (D:7)
  21 killer bees
  8 wights
  A bullfrog zombie (D:10)
  A jelly (D:9)
  3 centaur skeletons
  3 hounds
  5 orc priests
  5 worker ants
  Natasha (D:2)
  8 orc wizards
  A hound zombie (D:6)
  A hound skeleton (D:6)
  2 worker ant zombies
  2 gnolls (D:6)
  8 adders
  2 shadow imps
  2 white imps
  3 ufetubi
  A dart slug (D:1)
  4 leopard geckos
  39 orcs
  3 giant cockroaches
  9 goblins
  6 hobgoblins
  7 jackals
  3 quokkas
  4 ball pythons
  7 bats
  4 frilled lizards
  22 kobolds
  6 rats
223 creatures vanquished.

Vanquished Creatures (collateral kills)
  A catoblepas (Lair:2)
  A two-headed ogre (D:10)
  A centaur zombie (D:10)
  3 cane toads (Lair:1)
  A komodo dragon (Lair:2)
  A troll (D:8)
  A queen bee (Lair:2)
  2 wyverns
  A wraith (D:10)
  2 nagas (Lair:2)
  3 water moccasins
  2 orc warriors
  3 sky beasts
  A necrophage (D:6)
  2 ogres
  4 wolves (Lair:1)
  2 centaurs
  A phantom (D:9)
  3 bullfrogs
  11 killer bees
  A howler monkey (D:9)
  5 wights
  A jelly (D:8)
  An electric eel (D:8)
  A hound (D:4)
  An orc priest (D:6)
  Jessica (D:2)
  Natasha (twice) (D:2)
  An iguana (D:9)
  2 orc wizards
  A worker ant (D:9)
  A gnoll (D:6)
  2 adders
  6 worms
  10 orcs
  2 goblins
  A leopard gecko skeleton (D:4)
85 creatures vanquished.

Vanquished Creatures (others)
  12 fungi
  11 plants
23 creatures vanquished.

Grand Total: 331 creatures vanquished

Notes
Turn   | Place    | Note
-------+----------+-------------------------------------------
     0 | D:1      | DavidChitty2 the Gnoll Hedge Wizard began the quest for the
                  | Orb.
     0 | D:1      | Reached XP level 1. HP: 13/13 MP: 8/8
   295 | D:1      | Reached XP level 2. HP: 15/19 MP: 6/10
   551 | D:1      | Learned a level 2 spell: Call Imp
   588 | D:1      | Learned a level 2 spell: Blink
  1398 | D:2      | Reached XP level 3. HP: 25/25 MP: 7/11
  1578 | D:2      | Noticed Natasha
  1584 | D:2      | Killed Natasha
  1585 | D:2      | Reached skill level 1 in Invocations
  1764 | D:2      | Reached skill level 1 in Fighting
  1764 | D:2      | Reached skill level 1 in Short Blades
  1764 | D:2      | Reached skill level 1 in Long Blades
  1764 | D:2      | Reached skill level 1 in Axes
  1764 | D:2      | Reached skill level 1 in Maces & Flails
  1764 | D:2      | Reached skill level 1 in Polearms
  1764 | D:2      | Reached skill level 1 in Staves
  1764 | D:2      | Reached skill level 1 in Slings
  1764 | D:2      | Reached skill level 1 in Bows
  1764 | D:2      | Reached skill level 1 in Crossbows
  1764 | D:2      | Reached skill level 1 in Throwing
  1764 | D:2      | Reached skill level 1 in Armour
  1764 | D:2      | Reached skill level 1 in Shields
  1764 | D:2      | Reached skill level 1 in Unarmed Combat
  1764 | D:2      | Reached skill level 1 in Evocations
  1764 | D:2      | Reached XP level 4. HP: 32/32 MP: 9/13
  1769 | D:2      | Learned a level 3 spell: Mephitic Cloud
  2453 | D:2      | Noticed Natasha
  2465 | D:2      | Killed Natasha
  2466 | D:2      | Reached skill level 1 in Hexes
  2466 | D:2      | Reached skill level 1 in Necromancy
  2466 | D:2      | Reached skill level 1 in Transmutations
  2466 | D:2      | Reached skill level 1 in Fire Magic
  2466 | D:2      | Reached skill level 1 in Ice Magic
  2466 | D:2      | Reached skill level 1 in Air Magic
  2466 | D:2      | Reached skill level 1 in Earth Magic
  2466 | D:2      | Reached skill level 1 in Poison Magic
  2516 | D:2      | Noticed Jessica
  2532 | D:2      | Killed Jessica
  2592 | D:2      | Reached XP level 5. HP: 37/37 MP: 7/14
  2990 | D:2      | Noticed Natasha
  2999 | D:2      | Killed Natasha
  4165 | D:3      | Found a glowing silver altar of Zin.
  4165 | D:3      | Noticed an angel
  4621 | D:4      | Reached XP level 6. HP: 44/44 MP: 1/16
  5073 | D:4      | Reached skill level 5 in Dodging
  5338 | D:5      | Entered Level 5 of the Dungeon
  5373 | D:5      | Noticed a sky beast
  5411 | D:5      | Killed a sky beast
  6733 | D:5      | Reached XP level 7. HP: 33/50 MP: 5/18
  7646 | D:6      | HP: 2/51 [centaur/arrow (11)]
  7648 | D:6      | Reached skill level 5 in Stealth
  8031 | D:6      | Found Ageriz's Jewellery Shoppe.
  8081 | D:6      | Found Anoapu's Book Boutique.
  8306 | D:6      | Identified the +3 leather armour of Peleho Xepp {Dex+2}
  8355 | D:6      | Found a staircase to the Ecumenical Temple.
  8361 | D:6      | Reached XP level 8. HP: 5/56 MP: 2/19
  8382 | Temple   | Entered the Ecumenical Temple
  8873 | Temple   | Became a worshipper of Gozag Ym Sagoz the Greedy
 10418 | D:7      | Found Zuahoesh's Antique Armour Shop.
 10474 | D:7      | Found a radiant altar of Vehumet.
 10477 | D:7      | Found a hazy altar of Hepliaklqana.
 10485 | D:7      | Found a snail-covered altar of Cheibriados.
 10487 | D:7      | Found a broken altar of Ashenzari.
 10491 | D:7      | Found a shadowy altar of Dithmenos.
 10634 | D:7      | Found Mekit's Assorted Antiques.
 10707 | D:7      | Reached skill level 8 in Spellcasting
 11101 | D:8      | Noticed Erica
 11148 | D:8      | Killed Erica
 11149 | D:8      | Reached XP level 9. HP: 51/65 MP: 18/21
 11181 | D:8      | Found a flagged portal.
 11201 | Bailey   | Entered a bailey
 13316 | D:6      | Bought a ring of magical power for 240 gold pieces
 13316 | D:6      | Bought a ring of wizardry for 360 gold pieces
 13697 | D:9      | Learned a level 5 spell: Fireball
 13715 | D:9      | Noticed a troll
 13747 | D:8      | Killed a troll
 14031 | D:9      | Reached skill level 5 in Invocations
 14084 | D:9      | Noticed Erolcha
 14143 | D:9      | Killed Erolcha
 14144 | D:9      | Reached XP level 10. HP: 60/73 MP: 5/22
 15038 | D:9      | Reached skill level 5 in Fighting
 15038 | D:9      | Reached skill level 5 in Short Blades
 15038 | D:9      | Reached skill level 5 in Long Blades
 15038 | D:9      | Reached skill level 5 in Axes
 15038 | D:9      | Reached skill level 5 in Maces & Flails
 15038 | D:9      | Reached skill level 5 in Polearms
 15038 | D:9      | Reached skill level 5 in Staves
 15038 | D:9      | Reached skill level 5 in Slings
 15038 | D:9      | Reached skill level 5 in Bows
 15038 | D:9      | Reached skill level 5 in Crossbows
 15038 | D:9      | Reached skill level 5 in Throwing
 15038 | D:9      | Reached skill level 5 in Armour
 15038 | D:9      | Reached skill level 5 in Shields
 15038 | D:9      | Reached skill level 5 in Unarmed Combat
 15038 | D:9      | Reached skill level 5 in Evocations
 16053 | D:9      | Found a staircase to the Orcish Mines.
 16741 | D:9      | Found a staircase to the Lair.
 17324 | D:10     | Entered Level 10 of the Dungeon
 17374 | D:10     | Reached skill level 9 in Spellcasting
 17592 | D:9      | Identified a scroll of acquirement
 17904 | D:9      | Acquired 1110 gold pieces
 17990 | D:6      | Bought a book of Frost for 490 gold pieces
 18031 | D:6      | Bought an amulet of reflection for 360 gold pieces
 18031 | D:6      | Bought a +6 ring of intelligence for 702 gold pieces
 18144 | D:6      | Learned a level 4 spell: Summon Ice Beast
 18367 | D:10     | Reached skill level 5 in Conjurations
 18367 | D:10     | Reached skill level 5 in Summonings
 18367 | D:10     | Reached skill level 5 in Translocations
 19127 | D:10     | Found a blossoming altar of Fedhas.
 19355 | D:10     | Noticed a two-headed ogre
 19365 | D:10     | Killed a two-headed ogre
 19823 | D:10     | You fall into a shaft and drop 2 floors!
 19881 | D:11     | Noticed Maurice
 19976 | D:10     | Upgraded the game from 0.27-a0-401-gea03ee85fd to
                  | 0.27-a0-406-g23f261fbd2
 20102 | D:11     | Found a shadowy altar of Dithmenos.
 20145 | D:11     | Noticed an obsidian statue
 20145 | D:11     | Noticed a cyclops
 20313 | Lair:1   | Entered Level 1 of the Lair of Beasts
 20410 | Lair:1   | Noticed a cane toad
 20423 | Lair:1   | Killed a cane toad
 20427 | Lair:1   | Reached XP level 11. HP: 81/81 MP: 5/24
 21307 | Lair:1   | Found a runed translucent gate.
 21307 | Lair:1   | Found a runed translucent gate.
 21307 | Lair:1   | Found a runed translucent gate.
 21307 | Lair:1   | Noticed PeterLawrence's ghost (journeyman MiFi)
 21356 | Lair:1   | Reached skill level 5 in Hexes
 21356 | Lair:1   | Reached skill level 5 in Necromancy
 21356 | Lair:1   | Reached skill level 5 in Transmutations
 21356 | Lair:1   | Reached skill level 5 in Fire Magic
 21356 | Lair:1   | Reached skill level 5 in Ice Magic
 21356 | Lair:1   | Reached skill level 5 in Air Magic
 21356 | Lair:1   | Reached skill level 5 in Earth Magic
 21356 | Lair:1   | Reached skill level 5 in Poison Magic
 21552 | Lair:1   | Noticed a minotaur
 21698 | Lair:1   | Acquired the +4 dagger "Morg" {pain, Will+ Int+5}
 21699 | Lair:1   | Found the +4 dagger "Morg" {pain, Will+ Int+5}
 21989 | Lair:2   | Noticed a catoblepas
 22105 | Lair:2   | Killed a catoblepas
 22205 | Lair:2   | Found a staircase to the Snake Pit.
 22803 | Lair:2   | Noticed a boulder beetle
 22832 | Lair:2   | HP: 1/83 [boulder beetle (18)]
 22851 | Lair:2   | Demolished by a boulder beetle

Illustrated notes

Levels and vault maps discovered:
D:1:      wander_arrival_chamber, layout_basic, minmay_misc_feat_roman,
          kennysheep_minor_cross, roderic_filled_cross
D:2:      layout_basic, uniq_natasha, uniq_jessica
D:3:      layout_basic, zin_angel
D:4:      layout_rooms
D:5:      layout_loops_corners
D:6:      layout_loops_ring, minmay_temple_entry_sparse_star, serial_shops,
          shop_fountains, shop
D:7:      layout_loops_ring, minitemple, serial_shops,
          nicolae_shop_behind_doors, shop
D:8:      layout_basic, enter_bailey_3, fountainhead, minmay_unpleasant_kobolds,
          uniq_erica
D:9:      layout_long_grid, dpeg_oklobed_lair, erik_orc_3, uniq_erolcha
D:10:     kennysheep_spiral_hall, layout_gridville, fedhas_altar_2
D:11:     layout_basic, serial_shops, nicolae_shop_trees,
          statue_in_the_mist_lemuel, minivault_16, grunt_dithmenos_smoke,
          uniq_maurice
D:12:     layout_rooms, portal_ice_cave_entry_ice_beasts, serial_shops,
          shop_coins, hex_medium
Temple:   eino_temple_rhombus
Lair:1:   layout_roguey, maelrawn_ghost_gauntlet_escape, lemuel_fruit_tree
Lair:2:   layout_gridlike, nicolae_swamp_entry_splash_gauntlet,
          minmay_snake_entry_guardpost_small, special_room [special_room_bee],
          minmay_lair_oklob_items

Skill      XL: |  1  2  3  4  5  6  7  8  9 10 11 |
---------------+----------------------------------+-----
Conjurations   | 2 3 4 5 |  5.8
Summonings     | 2 3 4 5 |  5.8
Translocations | 2 3 4 5 |  5.8
Invocations    | 1 2 3 4 5 6 7 |  7.1
Fighting       | 1 2 4 5 6 |  6.5
Short Blades   | 1 2 4 5 6 |  6.5
Long Blades    | 1 2 4 5 6 |  6.5
Axes           | 1 2 4 5 6 |  6.5
Maces & Flails | 1 2 4 5 6 |  6.5
Polearms       | 1 2 4 5 6 |  6.5
Staves         | 1 2 4 5 6 |  6.5
Slings         | 1 2 4 5 6 |  6.5
Bows           | 1 2 4 5 6 |  6.5
Crossbows      | 1 2 4 5 6 |  6.5
Throwing       | 1 2 4 5 6 |  6.5
Armour         | 1 2 4 5 6 |  6.5
Shields        | 1 2 4 5 6 |  6.5
Unarmed Combat | 1 2 4 5 6 |  6.5
Evocations     | 1 2 4 5 6 |  6.5
Hexes          | 1 2 3 4 5 |  5.3
Necromancy     | 1 2 3 4 5 |  5.3
Transmutations | 1 2 3 4 5 |  5.3
Fire Magic     | 1 2 3 4 5 |  5.3
Ice Magic      | 1 2 3 4 5 |  5.3
Air Magic      | 1 2 3 4 5 |  5.3
Earth Magic    | 1 2 3 4 5 |  5.3
Poison Magic   | 1 2 3 4 5 |  5.3
Dodging        | 5 6 7 8 |  8.0
Stealth        | 5 6 7 |  7.8
Spellcasting   | 8 9 |  9.7

Action                   |  1- 3 |  4- 6 |  7- 9 | 10-12 || total
-------------------------+-------+-------+-------+-------++-------
Melee: Dagger            |     1 |       |       |    16 ||    17
       Whip              |       |       |    56 |    19 ||    75
       Bite              |       |       |     3 |     2 ||     5
       Staff             |       |       |       |    11 ||    11
 Fire: Hunting sling     |       |     5 |    18 |       ||    23
Throw: Dart              |       |       |    27 |     8 ||    35
 Cast: Magic Dart        |    69 |   208 |   268 |   441 ||   986
       Call Imp          |     2 |    37 |   103 |    63 ||   205
       Mephitic Cloud    |       |       |    25 |    30 ||    55
       Blink             |       |       |     4 |     2 ||     6
       Summon Ice Beast  |       |       |       |    56 ||    56
Invok: Potion Petition   |       |       |       |     1 ||     1
Evoke: Wand              |       |       |     1 |       ||     1
  Use: Scroll            |       |    11 |     8 |     9 ||    28
       Potion            |       |       |     1 |     2 ||     3
 Stab: Distracted        |     1 |       |     1 |     4 ||     6
       Confused          |       |       |     8 |     2 ||    10
       Sleeping          |       |       |       |     1 ||     1
Armor: Robe              |     2 |    24 |    19 |       ||    45
       Leather armour    |       |     3 |    43 |    49 ||    95
Dodge: Dodged            |     7 |    74 |   172 |   159 ||   412
Block: Buckler           |       |       |    33 |   130 ||   163
       Reflection        |       |       |       |     4 ||     4

Table legend: (Time is in decaauts)
 A = Elapsed time spent in this place.
 B = Non-inter-level travel time spent in this place.
 C = Inter-level travel time spent in this place.
 D = Time resting spent in this place.
 E = Time spent auto-exploring this place.
 F = Levels seen in this place.
 G = Mean time per level.
                   A        B        C        D        E       F      G
               +--------+--------+--------+--------+--------+-----+--------+
         Total |  22892 |  21684 |   1208 |   8002 |   9730 |  16 | 1430.8 |
       Dungeon |  19930 |  18800 |   1130 |   6959 |   8538 |  12 | 1660.8 |
        Temple |    543 |    497 |     46 |    258 |    202 |   1 |  543.0 |
          Lair |   2254 |   2222 |     32 |    715 |    990 |   2 | 1127.0 |
        Bailey |    163 |    163 |      0 |     70 |      0 |   1 |  163.0 |
               +--------+--------+--------+--------+--------+-----+--------+

Top non-repeatable levels by time:
     D:9: 3438 daAuts
     D:8: 3188 daAuts
     D:5: 2284 daAuts
     D:6: 2226 daAuts
    D:10: 2014 daAuts
     D:2: 1719 daAuts
     D:3: 1528 daAuts
     D:1: 1369 daAuts
  Lair:1: 1265 daAuts
  Lair:2: 989 daAuts
     D:7: 974 daAuts
     D:4: 925 daAuts
  Temple: 543 daAuts
    D:11: 210 daAuts
  Bailey: 163 daAuts
